 Dungeon Crawl Stone Soup version 0.30-a0-937-ga0a21ad780 (webtiles) character file.

Game seed: 5511284925918917669

33 BigDaddyOpFi the Conjurer (level 3, -3/36 HPs)
             Began as a Human Conjurer on Mar 24, 2023.
             Slain by Natasha (4 damage)
             ... on level 2 of the Dungeon.
             The game lasted 00:01:16 (1377 turns).

BigDaddyOpFi the Conjurer (Human Conjurer)          Turns: 1377, Time: 00:01:17

Health: -3/36      AC:  2    Str:  7    XL:     3   Next: 47%
Magic:  0/6        EV: 12    Int: 20    God:
Gold:   43         SH:  0    Dex: 11    Spells: 3/6 levels left

rFire   . . .      SeeInvis .    g - +0 morningstar
rCold   . . .      Faith    .    (no shield)
rNeg    . . .      Spirit   .    a - +0 robe
rPois   .          Reflect  .    (no helmet)
rElec   .          Rampage  .    (no cloak)
rCorr   .                        (no gloves)
Will    .....                    (no boots) Stlth
                                 (no amulet)
HPRegen 0.26/turn                (no ring)
MPRegen 0.10/turn                (no ring)

@: berserking, very quick
A: no striking features
a: no special abilities


You were on level 2 of the Dungeon.
You visited 1 branch of the dungeon, and saw 2 of its levels.

You collected 43 gold pieces.

Inventory:

Hand Weapons
 g - a +0 morningstar (weapon)
 i - a +0 short sword
Armour
 a - a +0 robe (worn)
Scrolls
 e - 2 scrolls of teleportation
 k - a scroll of acquirement {unknown}
Potions
 b - a potion of magic
 c - a potion of brilliance {unknown}
 d - a potion of berserk rage
 f - 2 potions of heal wounds {unknown}
 h - 2 potions of might {unknown}
 j - a potion of curing {unknown}


   Skills:
 + Level 2.5 Dodging
 + Level 2.5 Stealth
 + Level 2.3 Spellcasting
 + Level 4.2 Conjurations


You had 3 spell levels left.
You knew the following spells:

 Your Spells              Type           Power      Damage    Failure   Level
a - Magic Dart            Conj           76%        1d6       2%          1
b - Searing Ray           Conj           38%        2d5       4%          2

Your spell library contained the following spells:

 Spells                   Type           Power      Damage    Failure   Level
 Dazzling Flash           Conj/Hex       20%        N/A       19%         3
 Fulminant Prism          Conj/Hex       5%         3d7       54%         4
 Iskenderun's Mystic Bla  Conj/Tloc      10%        2d4       54%         4


Dungeon Overview and Level Annotations

Branches:
Dungeon (2/15)

Altars:

Shops:
D:1 [

Annotations:
D:2 Natasha


Message History

Natasha is nearby!
A rat comes into view.
The magic dart hits Natasha.
Natasha is moderately wounded.
Natasha hisses angrily.
Natasha wildly gestures.
You feel troubled.
A rat comes into view.
The magic dart hits Natasha but does no damage.
Natasha is moderately wounded.
Natasha casts a spell.
The magic dart hits Natasha.
Natasha is heavily wounded.
Natasha mumbles some strange words.
You feel disoriented.
The magic dart hits Natasha.
Natasha is almost dead.
Natasha casts a spell at you. The magic dart hits you!
The magic dart hits Natasha but does no damage.
Natasha is almost dead.
Natasha casts a spell.
The magic dart hits the shadow imp.
The shadow imp is lightly wounded.
Natasha mumbles some strange words.
The shadow imp gestures at you. Pain shoots through your body!
Ouch! That really hurt!
* * * LOW HITPOINT WARNING * * *
Casting: Magic Dart (safe; 2% risk of failure)
Confirm with . or Enter, or press ? or * to list all spells.
You don't have enough magic to cast this spell.
A red film seems to cover your vision as you go berserk!
You feel yourself moving faster!
You feel mighty! The shadow imp hits you.
* * * LOW HITPOINT WARNING * * *
The crimson imp hits you but does no damage.
The rat bites you but does no damage.
You impale the rat!!
You kill the rat!
Natasha claws you.
You die...

....#..####.........#
_)..........###...#.#
......#########.....#
.......#######....###
...........##...#.##
...................#
###................###
...............5.....#
###........†...5@....#
#...........rh†5...#
...##.#............##
.## #.#####........#
## #.......##
##......# ........
.#.......#


You could see Natasha, a crimson imp (summoned), 2 shadow imps and a rat.

Vanquished Creatures
  An adder (D:2)
  A dart slug (D:1)
  3 bats
  An endoplasm (D:2)
  2 goblins
  4 hobgoblins
  A quokka (D:1)
  3 ball pythons (D:1)
  2 frilled lizards
  2 kobolds
  4 rats
24 creatures vanquished.

Notes
Turn   | Place    | Note
-------+----------+-------------------------------------------
     0 | D:1      | BigDaddyOpFi the Human Conjurer began the quest for the
                  | Orb.
     0 | D:1      | Reached XP level 1. HP: 13/13 MP: 3/3
   130 | D:1      | Found Teashoso's Antique Armour Boutique.
   535 | D:1      | Reached XP level 2. HP: 19/19 MP: 1/5
  1135 | D:2      | Reached XP level 3. HP: 17/24 MP: 1/6
  1152 | D:2      | Learned a level 2 spell: Searing Ray
  1215 | D:2      | Found a faded altar of an unknown god.
  1367 | D:2      | Noticed Natasha
  1376 | D:2      | HP: 1/36 [shadow imp[Natasha] (2)]
  1377 | D:2      | Slain by Natasha

Illustrated notes

Levels and vault maps discovered:
D:1:      co_arrival_random_square_maze, layout_basic, serial_shops, shop,
          minmay_pentomino_s4
D:2:      layout_rooms, dreamdust_ecumenical_altar_statues, minmay_rat_hole,
          uniq_jessica, uniq_natasha

Action                     || total
---------------------------++-------
  Melee: Unarmed           ||     4
         Short sword       ||     5
         Morningstar       ||    10
   Cast: Magic Dart        ||    54
    Use: Scroll            ||     3
         Potion            ||     1
 Armour: Robe              ||     9
  Dodge: Dodged            ||    18

Table legend: (Time is in decaauts)
 A = Elapsed time spent in this place.
 B = Non-inter-level travel time spent in this place.
 C = Inter-level travel time spent in this place.
 D = Time resting spent in this place.
 E = Time spent auto-exploring this place.
 F = Levels seen in this place.
 G = Mean time per level.
                   A        B        C        D        E       F      G
               +--------+--------+--------+--------+--------+-----+--------+
         Total |   1380 |   1369 |     11 |      0 |   1177 |   2 |  690.0 |
       Dungeon |   1380 |   1369 |     11 |      0 |   1177 |   2 |  690.0 |
               +--------+--------+--------+--------+--------+-----+--------+

Top non-repeatable levels by time:
     D:1: 1048 daAuts
     D:2: 331 daAuts
